 Dungeon Crawl Stone Soup version 0.27-a0-926-g0e6d912 (webtiles) character file.

Game seed: 9934749212331670975

290 Nithhogg the Skirmisher (level 6, -10/48 HPs)
             Began as a Demonspawn Fighter on Apr 9, 2021.
             Mangled by an orc warrior
             ... wielding a +0 war axe
              (16 damage)
             ... on level 4 of the Dungeon.
             The game lasted 00:05:34 (3433 turns).

Nithhogg the Skirmisher (Demonspawn Fighter)        Turns: 3433, Time: 00:05:34

Health: -10/48     AC:  9    Str: 19    XL:     6   Next: 9%
Magic:  6/6        EV:  7    Int: 12    God:
Gold:   257        SH: 10    Dex: 17    Spells: 5/5 levels left

rFire    . . .     SeeInvis .   s - +3 war axe of the Blessed Realm {flame, Int+3 Dex+5}
rCold    . . .     Faith    .   c - +0 kite shield
rNeg     . . .     Spirit   .   b - +0 scale mail
rPois    .         Reflect  .   (no helmet)
rElec    .         Harm     .   (no cloak)
rCorr    .         Rampage  .   (no gloves)
Will     .....                  (no boots)
Stlth    ..........             (no amulet)
HPRegen  0.16/turn              (no ring)
MPRegen  0.10/turn              (no ring)

@: no status effects
A: talons 1, molten scales 1, foul stench 1, spiny 2
a: no special abilities


You were on level 4 of the Dungeon.
You visited 1 branch of the dungeon, and saw 4 of its levels.
You also visited: Sewer.

You collected 257 gold pieces.

Inventory:

Hand Weapons
 a - a +1 long sword
 g - a +2 short sword of electrocution
 s - the +3 war axe of the Blessed Realm (weapon) {flame, Int+3 Dex+5}
   (You found it on level 4 of the Dungeon)

   It has been specially enchanted to burn those struck by it, causing extra
   injury to most foes and up to half again as much damage against particularly
   susceptible opponents.
   Big, fiery blades are also staple armaments of hydra-hunters.
   It affects your intelligence (+3).
   It affects your dexterity (+5).
Missiles
 u - 7 curare-tipped darts (quivered)
Armour
 b - a +0 scale mail (worn)
 c - a +0 kite shield (worn)
 t - a +0 plate armour
Jewellery
 k - a ring of flight
Wands
 f - a wand of random effects (21)
Scrolls
 e - a scroll of blinking
 i - 2 scrolls of fog
 j - a scroll of enchant weapon
 n - 3 scrolls of identify
 o - a scroll of amnesia
 w - 4 scrolls of vulnerability {unknown}
 x - a scroll of teleportation
 y - 3 scrolls of noise {unknown}
Potions
 d - 6 potions of might
 h - a potion of lignification {unknown}
 l - 3 potions of heal wounds {unknown}
 m - 6 potions of curing {unknown}
 p - a potion of attraction {unknown}
 q - a potion of cancellation {unknown}
 r - a potion of experience {unknown}
 v - a potion of flight {unknown}


   Skills:
 + Level 4.3 Fighting
 + Level 3.2 Long Blades
 + Level 3.9 Armour
 + Level 3.8 Shields


You had 5 spell levels left.
You didn't know any spells.
Your spell library contained the following spells:

 Spells                   Type           Power      Damage    Failure   Level
 Magic Dart               Conj           0%         1d3       99%         1
 Blink                    Tloc           N/A        N/A       99%         2
 Call Imp                 Summ           0%         N/A       99%         2
 Slow                     Hex            0%         N/A       99%         2
 Conjure Flame            Conj/Fire      0%         6-21      100%        3
 Mephitic Cloud           Conj/Pois/Air  0%         N/A       100%        3


Dungeon Overview and Level Annotations

Branches:
Dungeon (4/15)              Sewer (visited)
 Temple: D:4-7

Altars:
Trog

Shops:
D:3 [


Innate Abilities, Weirdness & Mutations

You have sharp toenails.
You are partially covered in molten scales. (AC +2)
You may rarely emit foul miasma when damaged in melee.
You are mostly covered in sharp spines.


Message History

You hit the orc warrior. You burn the orc warrior.
You claw the orc warrior, but do no damage.
The orc warrior is moderately wounded.
The orc warrior is struck by your spines.
The orc warrior barely misses you. You block the orc warrior's attack.
You hit the orc warrior. You burn the orc warrior.
You claw the orc warrior, but do no damage.
The orc warrior is severely wounded.
The orc warrior hits you with a +0 war axe! x2
You are too injured to fight recklessly!
You are too injured to fight recklessly!
You are too injured to fight recklessly!
You are too injured to fight recklessly!
You are too injured to fight recklessly!
You are too injured to fight recklessly!
You are too injured to fight recklessly!
You are too injured to fight recklessly!
You are too injured to fight recklessly!
You are too injured to fight recklessly!
You are too injured to fight recklessly!
You are too injured to fight recklessly!
You are too injured to fight recklessly!
You hit the orc warrior but do no damage.
The orc warrior is severely wounded.
You block the orc warrior's attack. x2
You barely miss the orc warrior.
You claw the orc warrior, but do no damage.
The orc warrior is severely wounded.
You block the orc warrior's attack.
You hit the orc warrior. You burn the orc warrior.
You claw the orc warrior, but do no damage.
The orc warrior is almost dead.
The orc warrior hits you with a +0 war axe!
* * * LOW HITPOINT WARNING * * *
You block the orc warrior's attack.
You barely miss the orc warrior.
You claw the orc warrior, but do no damage.
The orc warrior is almost dead.
The orc warrior hits you with a +0 war axe!
You die...

##########################
..........)..............#
.........................#
#########.#############..#
........#.# ... #..# ##.####.#.#
#o# #..# .#.#....#.# #o# #..#
.#.#.####.####.#@#.####..#
.#.#...........#.#.......########
##.#############.######..........
....................†............
......##################.........
......#........# #.........
...............# #.........
.....>#........# #####.........
......#..(.....#####.##...#######


You could see an orc warrior and an orc.

Vanquished Creatures
  A kobold brigand (Sewer)
  A hound (D:3)
  4 adders
  4 river rats (Sewer)
  2 worms (D:2)
  3 dart slugs
  An orc (D:4)
  9 endoplasms
  4 giant cockroaches
  2 goblins
  3 hobgoblins
  3 jackals (D:3)
  21 kobolds
  2 quokkas
  17 ball pythons
  7 bats
  10 frilled lizards
  27 rats
121 creatures vanquished.

Notes
Turn   | Place    | Note
-------+----------+-------------------------------------------
     0 | D:1      | Nithhogg the Demonspawn Fighter began the quest for the
                  | Orb.
     0 | D:1      | Reached XP level 1. HP: 18/18 MP: 1/1
   266 | D:1      | Gained mutation: You are partially covered in sharp spines.
                  | [demonic ancestry]
   266 | D:1      | Reached XP level 2. HP: 7/24 MP: 2/2
   897 | D:2      | Gained mutation: You have sharp toenails. [demonic
                  | ancestry]
   897 | D:2      | Reached XP level 3. HP: 12/29 MP: 3/3
  1715 | D:3      | Gained mutation: You may rarely emit foul miasma when
                  | damaged in melee. [demonic ancestry]
  1715 | D:3      | Reached XP level 4. HP: 36/36 MP: 4/4
  2002 | D:3      | Found Eciecu's Antique Armour Boutique.
  2187 | D:4      | Identified the +3 war axe of the Blessed Realm {flame,
                  | Int+3 Dex+5}
  2324 | D:4      | Gained mutation: You are mostly covered in sharp spines.
                  | [demonic ancestry]
  2324 | D:4      | Reached XP level 5. HP: 30/42 MP: 5/5
  2390 | D:4      | Found a bloodstained altar of Trog.
  2424 | D:4      | Found a glowing drain.
  2435 | Sewer    | Entered a sewer
  2542 | Sewer    | Reached skill level 4 in Fighting
  2932 | Sewer    | Gained mutation: You are partially covered in molten
                  | scales. (AC +2) [demonic ancestry]
  2932 | Sewer    | Reached XP level 6. HP: 48/48 MP: 6/6
  3422 | D:4      | Noticed an orc warrior
  3433 | D:4      | Mangled by an orc warrior

Illustrated notes

Levels and vault maps discovered:
D:1:      dpeg_arrival_rooms_a, layout_loops_ring, minmay_bisected
D:2:      layout_rooms
D:3:      layout_loops_cross, serial_shops, shop_fountains, st_stairs_6
D:4:      minmay_chambers_of_twos, layout_rooms, amcnicky_altar_gilded,
          gup_sewer_entry_glass, roderic_lattice_a

Skill      XL: |  1  2  3  4  5 |
---------------+----------------+-----
Long Blades    | 2 3 |  3.2
Armour         | 3 |  3.9
Shields        | 3 |  3.8
Fighting       | 4 |  4.3

Action                   |  1- 3 |  4- 6 || total
-------------------------+-------+-------++-------
Melee: Long sword        |    89 |    15 ||   104
       Kick              |     8 |    27 ||    35
       War axe           |       |    67 ||    67
  Use: Scroll            |       |     8 ||     8
Armor: Scale mail        |    44 |    25 ||    69
Dodge: Dodged            |    30 |    11 ||    41
Block: Kite shield       |    41 |    65 ||   106
       Rpst.: Long sword |     6 |       ||     6

Table legend: (Time is in decaauts)
 A = Elapsed time spent in this place.
 B = Non-inter-level travel time spent in this place.
 C = Inter-level travel time spent in this place.
 D = Time resting spent in this place.
 E = Time spent auto-exploring this place.
 F = Levels seen in this place.
 G = Mean time per level.
                   A        B        C        D        E       F      G
               +--------+--------+--------+--------+--------+-----+--------+
         Total |   3546 |   3512 |     34 |    217 |   2510 |   5 |  709.2 |
       Dungeon |   2831 |   2797 |     34 |    217 |   1974 |   4 |  707.8 |
         Sewer |    714 |    714 |      0 |      0 |    535 |   1 |  714.0 |
               +--------+--------+--------+--------+--------+-----+--------+

Top non-repeatable levels by time:
     D:1: 761 daAuts
     D:3: 744 daAuts
     D:2: 730 daAuts
   Sewer: 714 daAuts
     D:4: 595 daAuts
